 Dungeon Crawl Stone Soup version 0.31-a0-233-g139696dc86 (webtiles) character file.

Game seed: 14927589799424998777

297 qw the Shooter (level 6, -2/37 HPs)
             Began as a Gargoyle Hexslinger on July 9, 2023.
             Slain by a gnoll
             ... wielding a +0 flail
             ... led by a gnoll bouda
              (4 damage)
             ... on level 4 of the Dungeon.
             The game lasted 00:01:04 (2282 turns).

qw the Shooter (Gargoyle Hexslinger)                Turns: 2282, Time: 00:01:04

Health: -2/37      AC:  9    Str: 12    XL:     6   Next: 35%
Magic:  7/7        EV: 11    Int: 13    God:
Gold:   148        SH:  0    Dex: 20    Spells: 6/7 levels left

rFire   . . .        Y - +1 orcbow
rCold   . . .        (shield currently unavailable)
rNeg    + . .        f - +0 ring mail
rPois   inf          (no helmet)
rElec   +            (no cloak)
rCorr   .            (no gloves)
SInv    .            (no boots)
Will    .....        (no amulet)
Stlth   +            a - +6 ring of dexterity
HPRegen 0.26/turn    (no ring)
MPRegen 0.10/turn

%: no passive effects
@: brilliant, weakened
A: sickness immunity, AC +4, negative energy resistance 1, electricity
resistance, torment resistance 1, petrification resistance
a: no special abilities


You were on level 4 of the Dungeon.
You visited 1 branch of the dungeon, and saw 5 of its levels.

You collected 148 gold pieces.


Innate Abilities, Weirdness & Mutations

You are immune to sickness and miasma.
Your stone body is resilient. (AC +4)
You are immune to poison.
You resist negative energy. (rN+)
You are resistant to electric shocks. (rElec)
You are resistant to unholy torment.
You are immune to petrification.


   Skills:
 - Level 3.2 Fighting
 + Level 5.6 Ranged Weapons
 - Level 1.0 Armour
 - Level 1.5 Dodging
 - Level 1.0 Spellcasting
 - Level 2.6 Hexes


You had 6 spell levels left.
You knew the following spells:

 Your Spells              Type           Power      Damage    Failure   Level
a - Slow                  Hex            44%        N/A       22%         1

Your spell library contained the following spells:

 Spells                   Type           Power      Damage    Failure   Level
 Inner Flame              Hex/Fire       6%         N/A       73%         3
 Portal Projectile        Hex/Tloc       12%        N/A       73%         3
 Cause Fear               Hex            5%         N/A       91%         4

Inventory:

Hand Weapons
 Y - a +1 orcbow (weapon)
Armour
 f - a +0 ring mail (worn)
Jewellery
 a - a +6 ring of dexterity (left hand)
Scrolls
 i - a scroll of identify
Potions
 b - a potion of enlightenment {unknown}
 d - a potion of curing
 g - a potion of heal wounds {unknown}
 j - a potion of mutation {unknown}

Dungeon Overview and Level Annotations

Branches:
Dungeon (5/15)
 Temple: D:4-7

Altars:
Fedhas
Ru


Message History

The gnoll shouts!
The arrow hits the gnoll bouda but does no damage.
The gnoll bouda barks out a call to the hunt!
The gnolls pick up the pace!
You shoot an arrow. The arrow hits the gnoll bouda!
The gnoll bouda is severely wounded.
The gnoll bouda gazes fiercely through you!
You feel your attacks grow feeble.
You shoot an arrow. The arrow hits the gnoll bouda.
The gnoll bouda is almost dead.
The gnoll hits you but does no damage.
The gnoll bouda hits you with a +0 club.
The gnoll closely misses you.
You shoot an arrow.
The arrow closely misses the gnoll bouda.
The arrow hits the gnoll!
The gnoll is almost dead.
The gnoll bouda gazes fiercely through you!
You feel as though you will be weak longer.
The gnoll hits you from afar with a +0 halberd.
The gnoll throws a throwing net.
The throwing net hits you.
You become entangled in the net!
The gnoll hits you with a +0 flail.
The gnoll bouda hits you with a +0 club.
You struggle against the net.
The gnoll closely misses you. The gnoll hits you but does no damage.
The gnoll bouda utters an invocation to its god.
The gnoll bouda is healed somewhat.
You struggle against the net.
The gnoll hits you with a +0 whip.
The gnoll hits you from afar with a +0 halberd!
The gnoll hits you but does no damage. The gnoll bouda barely misses you.
You struggle against the net.
The gnoll hits you but does no damage.
The gnoll hits you from afar with a +0 halberd!
The gnoll hits you with a +0 flail.
The gnoll bouda hits you with a +0 club.
You shred the net and break free! The gnoll closely misses you.
The gnoll hits you but does no damage. The gnoll hits you with a +0 flail.
You die...

#....#....#..
####.###.....
#.........
##...#....
#..#.# .
#.##... ###.#
.... ##...#
..... #.g@.#
.... #.gg.#
.... #..g..#
#.....#
.......#
.).#....#
..#..!....
.#########


You could see a gnoll bouda and 3 gnolls.

Vanquished Creatures
  A phantom (D:5)
  A scorpion (D:5)
  A jelly (D:5)
  A bullfrog zombie (D:5)
  2 gnolls (D:4)
  An adder (D:2)
  2 worms (D:3)
  3 dart slugs
  An orc (D:5)
  6 ball pythons (D:1)
  3 endoplasms
  2 giant cockroaches
  8 goblins
  4 hobgoblins
  3 jackals (D:2)
  3 quokkas
  4 bats
  A frilled lizard (D:2)
  8 kobolds
  9 rats
64 creatures vanquished.

Notes
Turn   | Place    | Note
-------+----------+-------------------------------------------
     0 | D:1      | qw the Gargoyle Hexslinger began the quest for the Orb.
     0 | D:1      | Reached XP level 1. HP: 12/12 MP: 2/2
     0 | D:1      | 0 ||| qw: Version: 0.3-a-51-g015441d
     0 | D:1      | 0 ||| qw: Game counter: 4006
     0 | D:1      | 0 ||| qw: Melee chars always use a shield: true
     0 | D:1      | 0 ||| qw: God list: Okawaru
     0 | D:1      | 0 ||| qw: Allow faded altars: false
     0 | D:1      | 0 ||| qw: Do Orc after clearing Dungeon:15 true
     0 | D:1      | 0 ||| qw: Do second Lair branch before Depths: true
     0 | D:1      | 0 ||| qw: Lair rune preference: random
     0 | D:1      | 0 ||| qw: Goals: Normal
     0 | D:1      | 0 ||| PLANNING D:1-11
   108 | D:1      | HP: 3/12 [goblin/+0 club (3)]
   109 | D:1      | HP: 1/12 [rat (2)]
   112 | D:1      | Reached XP level 2. HP: 3/16 MP: 3/3
   130 | D:1      | 130 ||| FLEEEEING.
   131 | D:1      | 131 ||| FLEEEEING.
   215 | D:1      | Reached skill level 3 in Ranged Weapons
   351 | D:1      | Reached XP level 3. HP: 21/21 MP: 4/4
   398 | D:1      | Found a faded altar of an unknown god.
   568 | D:1      | 568 ||| UPGRADING to +0 ring mail.
   578 | D:1      | 578 ||| DROPPING +0 robe.
   579 | D:1      | 579 ||| READING scroll labelled XIANLO JUAWIYJIDI.
   580 | D:1      | 580 ||| READING scroll labelled DUTHRAGA ZYSUCA.
   581 | D:1      | 581 ||| READING 2 scrolls labelled MITRAR CAH.
   582 | D:1      | 582 ||| READING scroll labelled ULOLAS GUDURR.
   583 | D:1      | 583 ||| DRINKING 2 metallic dark potions.
   632 | D:1      | 632 ||| DROPPING scroll of poison.
   633 | D:1      | 633 ||| DROPPING potion of lignification.
   790 | D:2      | 790 ||| SWAPPING to +0 orcbow.
   791 | D:2      | 791 ||| DROPPING +2 sling.
   937 | D:2      | 937 ||| READING scroll of enchant weapon.
   937 | D:2      | 937 ||| ENCHANTING +0 orcbow.
  1111 | D:2      | Reached XP level 4. HP: 24/26 MP: 5/5
  1167 | D:2      | Reached skill level 4 in Ranged Weapons
  1331 | D:2      | 1331 ||| DROPPING ring of flight.
  1332 | D:2      | 1332 ||| READING 3 scrolls of identify.
  1332 | D:2      | 1332 ||| IDENTIFYING grey potion
  1333 | D:2      | 1333 ||| READING 2 scrolls of identify.
  1333 | D:2      | 1333 ||| IDENTIFYING metallic green potion
  1334 | D:2      | 1334 ||| DROPPING potion of degeneration.
  1623 | D:3      | Found a sacrificial altar of Ru.
  1736 | D:3      | Reached skill level 1 in Armour
  2011 | D:3      | Found a blossoming altar of Fedhas.
  2055 | D:3      | You fall into a shaft and drop 2 floors!
  2055 | D:5      | Entered Level 5 of the Dungeon
  2071 | D:5      | Noticed a phantom
  2093 | D:5      | Killed a phantom
  2094 | D:5      | Reached skill level 5 in Ranged Weapons
  2094 | D:5      | Reached XP level 5. HP: 15/30 MP: 6/6
  2182 | D:5      | Reached skill level 3 in Fighting
  2211 | D:5      | Reached XP level 6. HP: 37/37 MP: 7/7
  2229 | D:5      | 2229 ||| UPGRADING to +6 ring of dexterity.
  2230 | D:5      | 2230 ||| READING scroll labelled IFESIA XIOFF.
  2231 | D:5      | 2231 ||| READING scroll labelled YZAUZU AZOXZEMM.
  2232 | D:5      | 2232 ||| READING scroll labelled ICYBLALE FUZXO.
  2233 | D:5      | 2233 ||| DRINKING 2 coppery potions.
  2234 | D:5      | 2234 ||| DROPPING potion of brilliance.
  2281 | D:4      | HP: 6/37 [gnoll/+0 halberd[a gnoll bouda] (7)]
  2281 | D:4      | HP: 1/37 [gnoll bouda/+0 club (4)]
  2282 | D:4      | Slain by a gnoll

Levels and vault maps discovered:
D:1:      eino_arrival_cavern_a, layout_rooms, ebering_ecumenical_altar_hall
D:2:      layout_loops_ring
D:3:      layout_basic, nicolae_ru_the_path_less_chosen,
          mainiacjoe_overflow_cross_hatched
D:4:      layout_basic, mainiacjoe_overflow_two_lobes, amcnicky_altar_gilded,
          gammafunk_ghost_cemetery, due_unseen_surprise
D:5:      layout_cave_pools, yredelemnul_altar_generic, serial_undead,
          serial_undead_b, serial_undead_d, serial_undead_d, serial_undead_a,
          serial_undead_d, serial_undead_f, nicolae_figureground_pulse

Skill      XL: |  1  2  3  4  5 |
---------------+----------------+-----
Ranged Weapons | 3 5 |  5.6
Fighting       | 2 3 |  3.2
Armour         | 1 |  1.0
Dodging        | |  1.5
Spellcasting   | |  1.0
Hexes          | |  2.6

Action                     |  1- 3 |  4- 6 || total
---------------------------+-------+-------++-------
   Fire: Sling             |   123 |       ||   123
         Orcbow            |    26 |    97 ||   123
    Use: Scroll            |     5 |     5 ||    10
         Potion            |     1 |     1 ||     2
 Armour: Robe              |    34 |       ||    34
         Ring mail         |    25 |    31 ||    56
  Dodge: Dodged            |    58 |    40 ||    98

Table legend:
 A = Non-vault XP
 B = Vault XP
 C = Vault XP percentage of total XP
 D = Non-vault monster count
 E = Vault monster count
 F = Vault count percentage of total count
                 A         B        C        D         E       F
            +---------+---------+-------+---------+---------+-------
      Total |     385 |      40 |   9.4 |      63 |       1 |   1.6
            +---------+---------+-------+---------+---------+-------
        D:1 |      57 |       0 |   0.0 |      33 |       0 |   0.0
        D:2 |      37 |       0 |   0.0 |      14 |       0 |   0.0
        D:3 |      24 |       0 |   0.0 |      10 |       0 |   0.0
        D:4 |      29 |       0 |   0.0 |       2 |       0 |   0.0
        D:5 |     238 |      40 |  14.4 |       4 |       1 |  20.0
            +---------+---------+-------+---------+---------+-------
